 Dungeon Crawl Stone Soup version 0.30.1-9-gdf580d7c3d (webtiles) character file.

Game seed: 12669310723214744202

1603309 LordWeiramon the Divine Blade (level 25, 231/231 HPs)
             Began as a Demigod Fighter on Oct 16, 2023.
             Escaped with the Orb
             ... and 3 runes!
             The game lasted 04:37:51 (76934 turns).

LordWeiramon the Divine Blade (Demigod Fighter)    Turns: 76934, Time: 04:37:52

Health: 231/231    AC: 39    Str: 17    XL:     25   Next: 48%
Magic:  27/27      EV: 46    Int:  6    God:
Gold:   601        SH: 47    Dex: 51    Spells: 24/24 levels left

rFire   + + +        a - +9 scimitar (flame)
rCold   . . .        A - +10 tower shield of Ignorance {rN+ Int-4}
rNeg    + + +        T - +10 pearl dragon scales
rPois   +            (helmet restricted)
rElec   .            V - +2 cloak {rPois}
rCorr   .            Z - +2 pair of gloves {Dex+3}
SInv    .            q - +2 pair of boots {Fly}
Will    +++..        B - amulet of reflection
Stlth   +            k - ring of the Oligarchy {rN+ Dex+7}
HPRegen 1.38/turn    F - ring "Uluafanea" {rF+++ rN+ Will+ Dex-4 Slay+2}
MPRegen 0.20/turn

%: reflection
@: flying, hasted, very quick
A: high MP 1, forlorn, divine attributes, horns 1, iridescent scales 1,
deterioration 2, sense surroundings 1, regeneration 1
0: Orb of Zot
}: 3/15 runes: decaying, silver, gossamer
a: no special abilities


You escaped.
You visited 10 branches of the dungeon, and saw 50 of its levels.
You also visited: Sewer, Ice Cave and Volcano.

You collected 7633 gold pieces.
You spent 7032 gold pieces at shops.

Inventory:

Hand Weapons
 a - a +9 scimitar of flaming (weapon)
Missiles
 L - 22 curare-tipped darts (quivered)
 N - 5 throwing nets
Armour
 h - a +2 helmet
 q - a +2 pair of boots of flying (worn)
 A - the +10 tower shield of Ignorance (worn) {rN+ Int-4}
   (You found it on level 3 of the Elven Halls)

   Int:       It affects your intelligence (-4).
   rN:        It protects you from negative energy.
 T - +10 pearl dragon scales (worn)
 V - a +2 cloak of poison resistance (worn)
 Z - a +2 pair of gloves of dexterity (worn)
Jewellery
 k - the ring of the Oligarchy (left hand) {rN+ Dex+7}
   (You took it off a deep elf annihilator on level 3 of the Elven Halls)

   [ring of positive energy]

   Dex:       It affects your dexterity (+7).
   rN:        It protects you from negative energy.
 B - an amulet of reflection (around neck)
 F - the ring "Uluafanea" (right hand) {rF+++ rN+ Will+ Dex-4 Slay+2}
   (You took it off a guardian mummy on level 3 of the Crypt)

   [ring of positive energy]

   Dex:       It affects your dexterity (-4).
   Slay:      It affects your accuracy & damage with ranged weapons and melee
   (+2).
   rF:        It renders you almost immune to fire.
   rN:        It protects you from negative energy.
   Will:      It increases your willpower.
 H - a ring of flight
 I - the ring of Datomyen {rC+ Dex+6}
   (You took it off a deep elf master archer on level 3 of the Elven Halls)

   [ring of protection from cold]

   Dex:       It affects your dexterity (+6).
   rC:        It protects you from cold.
 K - the ring "Seucuac" {rPois Str+6 Int-2 Dex+3}
   (You found it on level 3 of the Elven Halls)

   [ring of poison resistance]

   Str:       It affects your strength (+6).
   Int:       It affects your intelligence (-2).
   Dex:       It affects your dexterity (+3).
   rPois:     It protects you from poison.
 P - a ring of protection from fire
 U - the ring of the Dropbear {rCorr Str+6}
   (You found it on level 1 of the Crypt)

   [ring of resist corrosion]

   Str:       It affects your strength (+6).
   rCorr:     It protects you from acid and corrosion.
Wands
 u - a wand of polymorph (14)
 y - a wand of paralysis (30)
 C - a wand of iceblast (77)
 D - a wand of digging (15)
 G - a wand of mindburst (41)
 M - a wand of acid (36)
 X - a wand of flame (98)
Scrolls
 b - a scroll of silence
 f - 14 scrolls of fear
 i - a scroll of blinking
 l - 18 scrolls of teleportation
 m - 17 scrolls of fog
 n - 3 scrolls of enchant armour
 p - 10 scrolls of enchant weapon
 t - 5 scrolls of magic mapping
 v - 5 scrolls of butterflies
 O - 4 scrolls of brand weapon
 S - 12 scrolls of poison
Potions
 d - 6 potions of magic
 e - 16 potions of curing
 g - a potion of invisibility
 o - 5 potions of resistance
 r - 2 potions of heal wounds
 s - 8 potions of berserk rage
 w - 17 potions of flight
 x - 11 potions of ambrosia
 z - 8 potions of attraction
 E - a potion of mutation
 J - a potion of haste
 Q - 2 potions of cancellation
 R - 8 potions of might
Miscellaneous
 c - a tin of tremorstones (2/2)
 j - a phantom mirror
 W - a lightning rod (4/4)
 Y - a phial of floods


   Skills:
 - Level 20.0 Fighting
 + Level 24.2 Long Blades
 - Level 15.0 Armour
 - Level 24.0 Dodging
 - Level 21.0 Shields
 - Level 5.0 Evocations


You had 24 spell levels left.
You didn't know any spells.
Your spell library contained the following spells:

 Spells                   Type           Power      Damage    Failure   Level
 Apportation              Tloc           0%         N/A       94%         1
 Foxfire                  Conj/Fire      0%         2x1d4     94%         1
 Freeze                   Ice            0%         1d3       94%         1
 Kiss of Death            Conj/Necr      0%         2d5       94%         1
 Necrotise                Necr           0%         1d4       94%         1
 Sandblast                Erth           0%         2d4       94%         1
 Shock                    Conj/Air       0%         1d3       94%         1
 Sting                    Tmut/Pois      0%         1d3       94%         1
 Summon Small Mammal      Summ           0%         N/A       94%         1
 Blink                    Tloc           0%         N/A       98%         2
 Ensorcelled Hibernation  Hex/Ice        0%         N/A       98%         2
 Lesser Beckoning         Tloc           0%         N/A       98%         2
 Momentum Strike          Conj/Tloc      0%         3d8       98%         2
 Passwall                 Tmut/Erth      0%         N/A       98%         2
 Poisonous Vapours        Pois/Air       0%         N/A       98%         2
 Confusing Touch          Hex            0%         N/A       100%        3
 Frozen Ramparts          Ice            0%         1d1       100%        3
 Gell's Gravitas          Tloc           0%         N/A       100%        3
 Hailstorm                Conj/Ice       0%         3d3       100%        3
 Ignite Poison            Fire/Tmut/Pois 0%         N/A       100%        3
 Inner Flame              Hex/Fire       0%         N/A       100%        3
 Ozocubu's Armour         Ice            0%         N/A       100%        3
 Spider Form              Tmut/Pois      0%         N/A       100%        3
 Stone Arrow              Conj/Erth      0%         3d7       100%        3
 Summon Guardian Golem    Hex/Summ       0%         N/A       100%        3
 Swiftness                Air            0%         N/A       100%        3
 Teleport Other           Tloc           0%         N/A       100%        3
 Tukima's Dance           Hex            0%         N/A       100%        3
 Vhi's Electric Charge    Tloc/Air       0%         N/A       100%        3
 Volatile Blastmotes      Fire/Tloc      0%         2d10      100%        3
 Anguish                  Hex/Necr       0%         N/A       100%        4
 Animate Armour           Summ/Erth      0%         N/A       100%        4
 Animate Dead             Necr           0%         N/A       100%        4
 Cause Fear               Hex            0%         N/A       100%        4
 Dispel Undead            Necr           0%         3d6       100%        4
 Flame Wave               Conj/Fire      0%         2d4       100%        4
 Fulminant Prism          Conj/Hex       0%         3d5       100%        4
 Ice Form                 Ice/Tmut       0%         N/A       100%        4
 Iskenderun's Mystic Bla  Conj/Tloc      0%         2d3       100%        4
 Leda's Liquefaction      Hex/Erth       0%         N/A       100%        4
 Manifold Assault         Tloc           0%         N/A       100%        4
 Olgreb's Toxic Radiance  Pois           0%         N/A       100%        4
 Passage of Golubria      Tloc           0%         N/A       100%        4
 Sticky Flame             Conj/Fire      0%         2d3       100%        4
 Summon Ice Beast         Ice/Summ       0%         N/A       100%        4
 Alistair's Intoxication  Tmut/Pois      0%         N/A       100%        5
 Arcjolt                  Conj/Air       0%         1d10      100%        5
 Blade Hands              Tmut           0%         N/A       100%        5
 Fireball                 Conj/Fire      0%         3d3       100%        5
 Iskenderun's Battlesphe  Conj           0%         2d6       100%        5
 Lee's Rapid Deconstruct  Erth           0%         3d4*      100%        5
 Summon Forest            Summ/Tloc      0%         N/A       100%        5
 Summon Mana Viper        Hex/Summ       0%         N/A       100%        5
 Yara's Violent Unravell  Hex/Tmut       0%         3d3       100%        5
 Conjure Ball Lightning   Conj/Air       0%         3x3d6     100%        6
 Iron Shot                Conj/Erth      0%         9d1       100%        6
 Plasma Beam              Fire/Air       0%         2x1d11    100%        6
 Simulacrum               Ice/Necr       0%         N/A       100%        6
 Statue Form              Tmut/Erth      0%         N/A       100%        6
 Summon Cactus Giant      Summ           0%         N/A       100%        6
 Haunt                    Necr/Summ      0%         N/A       100%        7
 Malign Gateway           Summ/Tloc      0%         N/A       100%        7
 Monstrous Menagerie      Summ           0%         N/A       100%        7
 Orb of Destruction       Conj           0%         9d5       100%        7
 Ozocubu's Refrigeration  Ice            0%         4d7       100%        7
 Spellforged Servitor     Conj/Summ      0%         N/A       100%        7
 Storm Form               Tmut/Air       0%         N/A       100%        7
 Borgnjor's Revivificati  Necr           0%         N/A       100%        8
 Discord                  Hex            0%         N/A       100%        8
 Disjunction              Tloc           0%         N/A       100%        8
 Ignition                 Fire           0%         3d3       100%        8
 Infestation              Necr           0%         N/A       100%        8
 Lehudib's Crystal Spear  Conj/Erth      0%         10d2      100%        8
 Maxwell's Capacitive Co  Air            0%         ∞         100%        8
 Necromutation            Tmut/Necr      0%         N/A       100%        8
 Death's Door             Necr           0%         N/A       100%        9
 Polar Vortex             Ice            0%         N/A       100%        9


Dungeon Overview and Level Annotations

Branches:
Dungeon (15/15)            Temple (0/1) D:5            Lair (5/5) D:10
  Swamp (4/4) Lair:3       Spider (4/4) Lair:3        Slime (0/5) Lair:5
    Orc (2/2) D:11            Elf (3/3) Orc:2        Vaults (5/5) D:13
  Crypt (3/3) Vaults:2       Tomb (0/3) Crypt:3      Depths (4/4) D:15
    Zot (5/5) Depths:4      Sewer (visited)           IceCv (visited)
Volcano (visited)

Shops:
D:5 ?   D:9 !   D:14 !   D:15 *   Orc:2 ***   Vaults:3 *   Depths:1 (
Depths:4 ?(([=

Portals:
Hell: Depths:1 Depths:2 Depths:3 Depths:4
Abyss: Depths:2 Depths:3
Pandemonium: Depths:1 Depths:2
Ziggurat: Depths:4
Trove: Vaults:3 (give +2 storm dragon scales)


Innate Abilities, Weirdness & Mutations

You have an increased reservoir of magic. (+10% MP)
You shall have no god before yourself.
Your divine heritage dramatically boosts your attributes as you level up.
You have a pair of small horns on your head.
You are partially covered in iridescent scales. (AC +2)
Your body often deteriorates upon taking damage.
You passively map a small area around you.
Your natural rate of healing is unusually fast.


Message History

(D) Dungeon (T) Temple (L) Lair (S) Swamp (N) Spider Nest (M) Slime Pits (O) Orcish Mines (E) Elven Halls (V) Vaults (C) Crypt (W) Tomb (U) Depths (H) Hell (Z) Zot
Where to? (Enter - D:1 @ (x,y), ? - help)
There is a stone staircase leading up here.
You fly upwards.
There is a stone staircase leading down here.
You see here a +0 whip.
A Pagaif, a soul eater and a green death come into view.
Okay, then.
Blink to where?
Press: ? - help, Dir - move target
As you read the scroll of blinking, it crumbles to dust.
The green death moves out of view.
You feel yourself speed up.
Aiming: Dig
Press: ? - help, Shift-Dir - straight line A rock wall.
This square is covered in magical glow.
The rock shatters into small pieces.
Pagaif closely misses you.
Unknown command.
Blink to where?
Press: ? - help, Dir - move target
As you read the scroll of blinking, it crumbles to dust.
Aiming: Dig
Press: ? - help, Shift-Dir - straight line A rock wall.
This square is covered in magical glow.
The rock shatters into small pieces.
Blink to where?
Press: ? - help, Dir - move target
As you read the scroll of blinking, it crumbles to dust.
Aiming: Dig
Press: ? - help, Shift-Dir - straight line A rock wall.
This square is covered in magical glow.
The rock shatters into small pieces.
There is a staircase leading out of the dungeon here.
You have escaped!

###*#.##.#.#.### ##....##.######
..####.#.#.#.# ##..##.##...##..
.........###.### #..#.####.#..##.
#..##........#.###.#.## #..##..#.
##.##..#..####.....######..##..#.
##.....#.#.###..##.# ##.....#..#.
.........##.##..#.## #..####..##.
######>......#....# #.## #..###
......÷#####..##@## ### ##..#
.######......#.#### ##.#
.............)....# ###
.####.#.#..####..## .#
#.#.#.......## .# #.#.##.######
.# #.#.##.# #### .# #.#.##.# #...
.####.#.##.# #.##


There were no monsters in sight!

Vanquished Creatures
  2 dread liches (Zot:5)
  4 orbs of fire
  4 ancient liches
  Mara (Vaults:2)
  3 juggernauts
  The ghost of Ulecsuczon the Impregnable, a veteran MiGl of Hepliaklqana (Crypt:1)
  The ghost of Voydouki the Impregnable, a veteran MiGl of Hepliaklqana (Crypt:1)
  7 Killer Klowns (Zot:5)
  Xtahua (Vaults:2)
  Margery (Vaults:5)
  4 curse toes
  19 golden dragons
  A caustic shrike (Depths:3)
  Nikola (Vaults:1)
  Jory (Vaults:5)
  A bone dragon (Depths:4)
  3 electric golems
  10 titans
  Zenata (Vaults:2)
  A walking earthen tome (Depths:3)
  25 tentacled monstrosities
  8 liches
  The ghost of Vetissim the Earth Mage, an adept GrEE of Vehumet (Elf:2)
  A walking divine tome (Depths:3)
  3 deep elf blademasters (Elf:2)
  26 Orb Guardians
  A walking frostbound tome (Depths:2)
  2 deep elf master archers (Elf:3)
  9 ancient champions
  6 quicksilver dragons
  5 sphinxes
  Frances (Spider:1)
  9 tengu reavers
  Kirke (D:14)
  The ghost of Weastruk the Markscentaur, an adept CeHu of Okawaru (Spider:3)
  Gastronok (D:11)
  7 death cobs
  8 shadow dragons
  3 thorn hunters
  2 draconian monks
  Roxanne (Spider:1)
  Donald (Elf:1)
  20 storm dragons
  5 draconian knights
  6 revenants
  6 emperor scorpions
  6 deep elf sorcerers
  2 fenstrider witches
  10 fire giants
  Louise (Spider:1)
  8 frost giants
  8 draconian scorchers
  2 iron dragons
  2 balrugs
  6 ghost moths
  13 vault wardens
  13 draconian shifters
  3 deep elf elementalists
  An orc warlord (Vaults:2)
  4 draconian stormcallers
  A spriggan defender (Depths:3)
  7 broodmothers
  A juggernaut zombie (Crypt:3)
  A war gargoyle (Vaults:5)
  22 very ugly things
  8 vampire knights
  12 ghouls
  8 draconian annihilators
  28 ironbound preservers
  10 stone giants
  A caustic shrike skeleton (Crypt:1)
  A reaper (Crypt:2)
  7 ironbound thunderhulks
  4 deep elf demonologists
  10 green draconians
  14 deep elf annihilators
  18 spark wasps
  3 eleionomae
  10 black draconians
  10 purple draconians
  8 dire elephants
  Azrael (Orc:2)
  17 white draconians
  14 yellow draconians
  2 bunyips
  14 red draconians
  13 deep elf death magi
  5 eidola
  2 mummy priests (Crypt:3)
  A crystal guardian (Vaults:3)
  Snorg (Lair:5)
  A shambling mangrove (Swamp:4)
  A great orb of eyes (shapeshifter) (Depths:3)
  3 ettins
  An entropy weaver (shapeshifter) (Elf:1)
  7 jiangshi
  11 fire dragons
  7 yaktaur captains
  11 entropy weavers
  6 great orbs of eyes
  6 deep elf high priests
  25 hydras
  6 ice dragons
  A peacekeeper (Vaults:3)
  2 rakshasas
  A caustic shrike simulacrum (IceCv)
  34 vault guards
  8 ironbound frosthearts
  6 spriggan air magi
  A spriggan skeleton (Crypt:3)
  An ogre mage (D:15)
  3 jorogumos
  A radroach (Spider:3)
  8 centaur warriors
  8 boulder beetles
  2 catoblepae
  22 dancing weapons
  6 alligators
  10 two-headed ogres
  4 deep troll shamans
  6 death yaks
  10 deep troll earth magi
  6 vampire magi
  2 orc high priests
  3 tengu warriors
  11 deep elf knights
  2 titan zombies
  3 spriggan berserkers (Depths:2)
  5 sun demons
  A skyshark (Spider:2)
  Sonja (Orc:1)
  8 hell knights
  8 iron trolls
  A salamander mystic (Depths:3)
  A titan skeleton (Crypt:1)
  A skyshark (shapeshifter) (Vaults:4)
  6 pharaoh ants
  14 skeletal warriors
  A sea snake (shapeshifter) (Depths:4)
  5 goliath frogs
  3 shadow wraiths (Crypt:2)
  5 glowing orange brains
  15 orb spiders
  6 deep elf archers (Elf:1)
  14 bog bodies
  72 deep trolls
  A spriggan druid (Swamp:4)
  An obsidian statue (IceCv)
  12 swamp dragons
  18 ironbound convokers
  3 tengu zombies
  10 wizards
  7 flayed ghosts
  17 lindwurms
  6 steelbarb worms
  17 orc knights
  11 phantasmal warriors
  15 deep elf zephyrmancers
  5 harpies (Vaults:1)
  30 deep elf pyromancers
  17 wolf spiders
  4 orc sorcerers
  7 necromancers
  9 cyclopes
  4 manticores
  3 will-o-the-wisps
  31 moths of wrath
  36 ugly things
  5 black mambas
  A tengu skeleton (Vaults:3)
  8 elephants
  2 salamanders (Depths:3)
  Maurice (D:8)
  2 human skeletons
  A rust devil (Depths:2)
  A naga mage (D:15)
  19 vault sentinels
  A centaur zombie (D:15)
  A dire elephant zombie (Crypt:2)
  10 demonic crawlers
  2 ice statues (Swamp:3)
  3 molten gargoyles (Lair:5)
  A red draconian zombie (Crypt:3)
  10 torpor snails
  An unseen horror (D:12)
  3 smoke demons
  2 centaur skeletons
  2 kobold demonologists
  6 cane toads
  2 ice devils (IceCv)
  Psyche (D:11)
  An orange demon (Depths:2)
  35 yaktaurs
  4 rime drakes
  An efreet (D:14)
  17 freezing wraiths
  2 anaconda simulacra (IceCv)
  13 komodo dragons
  A tormentor (Depths:2)
  A sea snake skeleton (Crypt:3)
  4 tengu conjurers
  A grey draconian skeleton (Crypt:2)
  3 guardian mummies
  A meliai (Lair:3)
  A bloated husk (Swamp:3)
  3 hellwings
  A meliai (shapeshifter) (Vaults:5)
  A merfolk (shapeshifter) (Vaults:1)
  29 tarantellas
  14 tyrant leeches
  A polar bear (Lair:4)
  4 trolls
  A wolf spider simulacrum (D:15)
  Prince Ribbit (D:8)
  A shadow dragon simulacrum (Crypt:3)
  9 hornets
  An elf skeleton (Vaults:3)
  A dream sheep (Lair:5)
  A boulder beetle zombie (Crypt:2)
  10 blink frogs
  5 flying skulls (Crypt:3)
  21 slime creatures
  19 jumping spiders
  A slime creature (shapeshifter) (D:13)
  A centaur simulacrum (D:15)
  A vampire (D:11)
  28 culicivoras
  5 dire elephant simulacra (IceCv)
  A spriggan (shapeshifter) (Elf:2)
  A black mamba zombie (Crypt:3)
  A ynoxinul (Zot:1)
  8 spriggans
  10 wyverns
  6 water elementals
  63 yaks
  7 basilisks
  8 wraiths
  A shadow (D:11)
  3 ushabtiu (Crypt:3)
  4 hogs
  51 redbacks
  4 chaos spawn
  6 fire elementals
  A neqoxec (D:12)
  A yaktaur simulacrum (Vaults:4)
  7 steam dragons
  A human simulacrum (Vaults:3)
  3 minotaur simulacra (IceCv)
  21 vampire mosquitoes
  8 wargs (Orc:2)
  2 harpy simulacra (IceCv)
  13 swamp worms
  A water nymph zombie (Crypt:2)
  3 acid dragons
  A swamp worm (shapeshifter) (Depths:4)
  Duvessa (D:7)
  A floating eye (Depths:4)
  5 water moccasins
  A floating eye (shapeshifter) (Depths:1)
  12 hell hounds
  2 hydra simulacra (IceCv)
  4 alligator simulacra (IceCv)
  A manticore zombie (Crypt:3)
  5 swamp drakes (Swamp:4)
  A sky beast (D:7)
  A sky beast (shapeshifter) (D:12)
  4 black bears
  A swamp dragon zombie (Crypt:1)
  A black bear (shapeshifter) (D:13)
  46 orc warriors
  A hornet zombie (D:15)
  A snapping turtle zombie (Crypt:3)
  4 ettin simulacra (IceCv)
  11 centaurs
  20 wolves
  8 ogres
  A manticore skeleton (Crypt:1)
  4 kobold brigands
  2 phantoms
  2 earth elementals
  17 bullfrogs
  3 gnoll sergeants
  3 necrophages
  3 scorpions
  A deep troll simulacrum (IceCv)
  A wyvern skeleton (Crypt:3)
  8 wights
  Dowan (D:7)
  2 troll zombies
  5 lindwurm simulacra (IceCv)
  9 killer bees
  2 electric eels (Spider:2)
  4 howler monkeys
  A troll skeleton (Swamp:3)
  4 hounds
  4 lava snakes (Lair:5)
  A bullfrog zombie (Crypt:1)
  A jelly (D:5)
  A quasit (D:12)
  16 orc priests
  A sleepcap (D:5)
  Jessica (D:3)
  An iguana (D:4)
  14 orc wizards
  A hell rat (Lair:5)
  A sky beast zombie (Crypt:1)
  A deep dwarf skeleton (Crypt:2)
  An ogre skeleton (Crypt:2)
  A boggart simulacrum (D:15)
  A howler monkey skeleton (Crypt:3)
  12 gnolls
  16 adders
  4 river rats
  A steam dragon skeleton (Crypt:2)
  2 white imps
  3 ufetubi (D:5)
  A jelly zombie (Crypt:1)
  3 worms
  4 dart slugs
  91 orcs
  9 endoplasms
  5 giant cockroaches
  10 goblins
  11 hobgoblins
  15 jackals
  24 kobolds
  4 quokkas
  A river rat zombie (Crypt:1)
  19 ball pythons
  11 bats
  A dart slug zombie (Crypt:2)
  10 frilled lizards
  2 orc skeletons
  5 rats
  A rat skeleton (Crypt:2)
  A fire vortex (Depths:2)
2317 creatures vanquished.

Vanquished Creatures (others)
  A lich (Depths:2)
  A draconian monk (Zot:2)
  An eleionoma (Swamp:1)
  2 deep trolls (Vaults:1)
  An ugly thing (D:13)
  3 bloated husks
  A tarantella (Spider:4)
  A hornet (Swamp:4)
  A vampire mosquito (Lair:3)
  8 foxfires (Swamp:4)
20 creatures vanquished.

Grand Total: 2337 creatures vanquished

Notes
Turn   | Place    | Note
-------+----------+-------------------------------------------
     0 | D:1      | LordWeiramon the Demigod Fighter began the quest for the
                  | Orb.
     0 | D:1      | Reached XP level 1. HP: 18/18 MP: 3/3
   270 | D:1      | Reached XP level 2. HP: 25/25 MP: 4/4
   987 | D:2      | Reached XP level 3. HP: 30/30 MP: 5/5
  1488 | D:2      | Reached XP level 4. HP: 34/37 MP: 6/6
  1675 | D:3      | Noticed Jessica
  1707 | D:3      | Killed Jessica
  2169 | D:3      | Found a glowing drain.
  2204 | Sewer    | Entered a sewer
  2225 | Sewer    | Reached skill level 5 in Long Blades
  2225 | Sewer    | Reached XP level 5. HP: 38/42 MP: 7/7
  3518 | D:4      | Reached XP level 6. HP: 50/50 MP: 8/8
  3666 | D:4      | Reached skill level 1 in Dodging
  4759 | D:5      | Entered Level 5 of the Dungeon
  4759 | D:5      | Found Vetayn's Magic Scroll Emporium.
  4763 | D:5      | Bought a scroll of amnesia for 52 gold pieces
  4763 | D:5      | Bought a scroll of teleportation for 39 gold pieces
  4763 | D:5      | Bought a scroll of noise for 13 gold pieces
  4764 | D:5      | Bought a scroll of identify for 26 gold pieces
  4764 | D:5      | Bought a scroll of identify for 26 gold pieces
  4764 | D:5      | Bought a scroll of identify for 26 gold pieces
  4924 | D:5      | Reached XP level 7. HP: 49/57 MP: 9/9
  5609 | D:5      | Identified the +3 chain mail of the Armoured One {rPois}
  5669 | D:5      | Found a staircase to the Ecumenical Temple.
  5960 | D:6      | Reached XP level 8. HP: 51/63 MP: 10/10
  6111 | D:6      | Identified the +10 mace "Spiderslayer" {freeze, rN+}
  6251 | D:6      | Reached skill level 5 in Fighting
  6746 | D:7      | Noticed Duvessa
  6746 | D:7      | Noticed Dowan
  6756 | D:7      | Killed Duvessa
  6763 | D:7      | Killed Dowan
  7125 | D:7      | Reached skill level 5 in Shields
  7571 | D:8      | Noticed Maurice
  7574 | D:8      | Paralysed by Maurice for 3 turns
  7587 | D:8      | Killed Maurice
  7588 | D:8      | Reached skill level 5 in Dodging
  7588 | D:8      | Reached XP level 9. HP: 69/74 MP: 11/11
  7609 | D:8      | Noticed a komodo dragon
  7634 | D:8      | Killed a komodo dragon
  8257 | D:8      | Reached skill level 5 in Evocations
  8520 | D:8      | Noticed Prince Ribbit
  8541 | D:8      | Killed Prince Ribbit
  8793 | D:9      | Noticed a two-headed ogre
  8809 | D:9      | Killed a two-headed ogre
  9017 | D:9      | Reached skill level 10 in Long Blades
  9017 | D:9      | Reached XP level 10. HP: 65/81 MP: 13/13
  9207 | D:9      | Reached skill level 5 in Armour
  9359 | D:9      | Found Veqin's Distillery.
  9371 | D:9      | Bought a potion of heal wounds for 70 gold pieces
  9371 | D:9      | Bought a potion of berserk rage for 70 gold pieces
  9371 | D:9      | Bought a potion of might for 56 gold pieces
  9371 | D:9      | Bought a potion of heal wounds for 70 gold pieces
  9371 | D:9      | Bought a potion of curing for 42 gold pieces
  9371 | D:9      | Bought a potion of heal wounds for 70 gold pieces
  9379 | D:9      | Noticed a red ugly thing
  9403 | D:9      | Killed a red ugly thing
  9521 | D:9      | Noticed a two-headed ogre
  9531 | D:9      | Killed a two-headed ogre
  9897 | D:10     | Entered Level 10 of the Dungeon
  9941 | D:10     | Noticed a two-headed ogre
 10015 | D:10     | Identified a scroll of acquirement
 10016 | D:10     | Acquired a manual of Dodging
 10044 | D:10     | Noticed a two-headed ogre
 10052 | D:10     | Killed a two-headed ogre
 10157 | D:10     | Noticed an elephant
 10280 | D:10     | Found a staircase to the Lair.
 10317 | D:10     | Killed an elephant
 10370 | D:10     | Noticed a two-headed ogre
 10385 | D:10     | Killed a two-headed ogre
 10386 | D:10     | Reached skill level 10 in Dodging
 10386 | D:10     | Reached XP level 11. HP: 86/86 MP: 14/14
 10415 | D:10     | Killed a two-headed ogre
 11282 | D:11     | Noticed Psyche
 11320 | Lair:1   | Entered Level 1 of the Lair of Beasts
 12577 | Lair:2   | Noticed a death yak
 12691 | Lair:2   | Noticed a death yak
 12692 | Lair:2   | Noticed a death yak
 12734 | Lair:1   | Killed a death yak
 12989 | Lair:1   | Killed a death yak
 13098 | Lair:1   | Reached XP level 12. HP: 94/94 MP: 15/15
 13104 | Lair:2   | Noticed an eight-headed hydra
 13123 | Lair:2   | Killed an eight-headed hydra
 14316 | Lair:3   | Found a hole to the Spider Nest.
 14360 | Lair:3   | Noticed a five-headed hydra
 14379 | Lair:3   | Killed a five-headed hydra
 14678 | Lair:3   | Found a staircase to the Swamp.
 15863 | Lair:4   | Noticed an eight-headed hydra
 16019 | Lair:4   | Killed an eight-headed hydra
 16273 | Lair:5   | Entered Level 5 of the Lair of Beasts
 16286 | Lair:5   | Noticed an eight-headed hydra
 16300 | Lair:5   | Killed an eight-headed hydra
 16301 | Lair:5   | Reached XP level 13. HP: 100/100 MP: 16/16
 16562 | Lair:5   | Found a staircase to the Slime Pits.
 16624 | Lair:5   | Noticed Snorg
 16637 | Lair:5   | Killed Snorg
 17167 | Lair:5   | Reached skill level 10 in Armour
 17786 | Lair:5   | Identified the +2 mace "Xeuhys" {drain, rC+ rN+ rCorr MP-9}
 18361 | Lair:5   | Found a large runed translucent door.
 18362 | Lair:5   | Found a large runed translucent door.
 18784 | D:11     | Killed Psyche
 18857 | D:11     | Identified the ring "Ehouh" {Ice Fly rPois Int-3}
 19107 | D:11     | Noticed Gastronok
 19686 | D:11     | Found a staircase to the Orcish Mines.
 19873 | D:12     | Identified the +0 plate armour of the Game of Life {+Blink}
 20110 | D:12     | Gained mutation: You are clumsy. (Dex -2) [a neqoxec]
 20374 | D:12     | Reached skill level 10 in Fighting
 20474 | D:12     | You fall into a shaft and drop 1 floor!
 20819 | D:12     | Reached XP level 14. HP: 121/121 MP: 17/17
 22496 | D:13     | Noticed a fire giant
 22514 | D:13     | Killed a fire giant
 22621 | D:13     | Identified the +4 glaive of Strategic Superiority {flame,
                  | rC+ Str+3}
 22817 | D:13     | Found a gate to the Vaults.
 23018 | D:14     | Found Waemics's Distillery.
 23023 | D:14     | Bought a potion of might for 68 gold pieces
 23023 | D:14     | Bought a potion of flight for 51 gold pieces
 23023 | D:14     | Bought a potion of curing for 51 gold pieces
 23023 | D:14     | Bought a potion of might for 68 gold pieces
 23023 | D:14     | Bought a potion of curing for 51 gold pieces
 23023 | D:14     | Bought a potion of mutation for 136 gold pieces
 23023 | D:14     | Bought a potion of haste for 170 gold pieces
 23255 | D:14     | Noticed Kirke
 23316 | D:14     | Reached skill level 10 in Shields
 23318 | D:14     | Identified the +6 trident "Edoca" {antimagic, *Noise +Blink
                  | Fly Will++}
 23761 | D:14     | Killed Kirke
 24207 | D:15     | Entered Level 15 of the Dungeon
 24838 | D:15     | Reached skill level 15 in Dodging
 25242 | D:15     | Found a staircase to the Depths.
 25954 | D:15     | Found Vuuzithrasa's Assorted Antiques.
 25957 | D:15     | Bought a tapered bone wand for 128 gold pieces
 26086 | D:11     | Killed Gastronok
 26087 | D:11     | Reached XP level 15. HP: 102/126 MP: 18/18
 26210 | Orc:1    | Entered Level 1 of the Orcish Mines
 26279 | Orc:2    | Entered Level 2 of the Orcish Mines
 26281 | Orc:2    | Noticed Azrael
 26718 | Orc:1    | Found a dark tunnel.
 26723 | Volcano  | Entered a volcano
 27778 | Orc:1    | Noticed Sonja
 27787 | Orc:1    | Killed Sonja
 28068 | Orc:2    | Found a staircase to the Elven Halls.
 28370 | Orc:2    | Found Towuin's General Store.
 28370 | Orc:2    | Found Toschimmo's Assorted Antiques.
 29007 | Orc:2    | Killed Azrael
 29041 | Orc:2    | Found Geufueh's Assorted Antiques.
 29041 | Orc:2    | Found Yru Pash's Assorted Antiques.
 29067 | Orc:2    | Bought a potion of might for 120 gold pieces
 29384 | Swamp:1  | Entered Level 1 of the Swamp
 30221 | Swamp:2  | Noticed a thorn hunter
 30243 | Swamp:2  | Killed a thorn hunter
 30612 | Swamp:3  | Found a frozen archway.
 30648 | IceCv    | Entered an ice cave
 32072 | IceCv    | Reached XP level 16. HP: 131/144 MP: 19/19
 32119 | IceCv    | Noticed a lich
 32151 | IceCv    | Killed a lich
 32165 | IceCv    | Identified the ring "Owiup" {rN+ Stlth+}
 33335 | Swamp:4  | Entered Level 4 of the Swamp
 33937 | Swamp:4  | Reached skill level 15 in Fighting
 35267 | Swamp:4  | Got a decaying rune of Zot
 35378 | Spider:1 | Entered Level 1 of the Spider Nest
 35392 | Spider:1 | Identified the +7 mace "Daon" {pain, rF+}
 35662 | Spider:1 | Noticed Louise
 35679 | Spider:1 | Killed Louise
 35784 | Spider:1 | Noticed Frances
 35796 | Spider:1 | Killed Frances
 35871 | Spider:1 | Identified Roxanne's Meditations on Shapeshifting
 35871 | Spider:1 | Noticed Roxanne
 36656 | Spider:2 | Reached XP level 17. HP: 101/155 MP: 20/20
 38148 | Spider:3 | Reached skill level 15 in Armour
 38516 | Spider:3 | Found a runed translucent gate.
 38517 | Spider:3 | Found a runed translucent gate.
 38518 | Spider:3 | Found a runed translucent gate.
 38519 | Spider:3 | Noticed Weastruk's ghost (adept CeHu)
 38868 | Spider:3 | Killed Weastruk's ghost
 38947 | Spider:3 | Identified the +4 halberd of the Lusting Saviour {spect,
                  | rC++}
 39003 | Spider:4 | Entered Level 4 of the Spider Nest
 40701 | Spider:4 | Reached skill level 15 in Long Blades
 41353 | Spider:4 | Got a gossamer rune of Zot
 41745 | Vaults:1 | Entered Level 1 of the Vaults
 41853 | Vaults:1 | Reached XP level 18. HP: 144/163 MP: 21/21
 43178 | Vaults:1 | Noticed Nikola
 43204 | Vaults:1 | Killed Nikola
 43632 | Vaults:2 | Noticed Xtahua
 44001 | Vaults:2 | Found a staircase to the Crypt.
 44143 | Vaults:2 | Noticed Zenata
 44158 | Vaults:2 | Killed Zenata
 44212 | Vaults:2 | Noticed Mara
 45358 | Vaults:2 | Noticed LordWeiramon's illusion
 45470 | Vaults:2 | Reached skill level 15 in Shields
 45672 | Vaults:2 | Reached XP level 19. HP: 135/170 MP: 22/22
 45950 | Vaults:2 | Killed Xtahua
 46254 | Vaults:2 | Killed Mara
 46425 | Vaults:3 | Found a portal to a secret trove of treasure.
 47262 | Vaults:3 | You are sucked into a shaft and drop 1 floor!
 47998 | Vaults:3 | Found Ipna's Assorted Antiques.
 48004 | Vaults:3 | Paralysed by a great orb of eyes for 4 turns
 48058 | Vaults:3 | Bought a potion of flight for 120 gold pieces
 48058 | Vaults:3 | Bought a scroll of teleportation for 120 gold pieces
 48058 | Vaults:3 | Bought a scroll labelled RUURATOYPE for 40 gold pieces
 49157 | Vaults:4 | Paralysed by a sphinx for 4 turns
 50358 | Elf:1    | Entered Level 1 of the Elven Halls
 50928 | Elf:1    | Noticed Donald
 50945 | Elf:1    | Killed Donald
 51409 | Elf:1    | Reached XP level 20. HP: 165/178 MP: 24/24
 51819 | Elf:2    | Found a runed translucent door.
 51819 | Elf:2    | Noticed Vetissim's ghost (adept GrEE)
 52103 | Elf:2    | Found a runed translucent gate.
 52103 | Elf:2    | Found a runed translucent gate.
 52113 | Elf:2    | Found a runed translucent gate.
 53082 | Elf:2    | Killed Vetissim's ghost
 53250 | Elf:3    | Entered Level 3 of the Elven Halls
 55083 | Elf:3    | Identified the +2 double sword "Widowmaker" {heavy, rN+
                  | Int+3}
 55083 | Elf:3    | Identified the ring of the Oligarchy {rN+ Dex+7}
 55190 | Elf:3    | Identified the +1 lajatang of the Open Hand {speed, rF+
                  | Dex+5}
 55193 | Elf:3    | Found the +10 tower shield of Ignorance {rN+ Int-4}
 55274 | Elf:3    | Identified the +7 mace of the Mosquito {freeze, rC- Will+++
                  | Dex+6}
 55348 | Elf:3    | Identified the ring of Datomyen {rC+ Dex+6}
 55359 | Elf:3    | Got the Reference Book on Blows and the Winter
 55364 | Elf:3    | Identified the ring "Seucuac" {rPois Str+6 Int-2 Dex+3}
 55682 | Crypt:1  | Entered Level 1 of the Crypt
 55831 | Crypt:1  | Found a runed translucent gate.
 55831 | Crypt:1  | Noticed an ancient lich
 55831 | Crypt:1  | Noticed an ancient lich
 55832 | Crypt:1  | Found a runed translucent gate.
 55832 | Crypt:1  | Noticed Ulecsuczon's ghost (veteran MiGl)
 55832 | Crypt:1  | Noticed Voydouki's ghost (veteran MiGl)
 55833 | Crypt:1  | Found a runed translucent gate.
 55851 | Crypt:1  | You are sucked into a shaft and drop 1 floor!
 56254 | Crypt:1  | Identified the +2 long sword of the Demagogue {antimagic,
                  | rF+ rC+ Int-5}
 56377 | Crypt:1  | Killed Voydouki's ghost
 56383 | Crypt:1  | Killed an ancient lich
 56386 | Crypt:1  | Killed an ancient lich
 56445 | Crypt:1  | Killed Ulecsuczon's ghost
 56464 | Crypt:1  | Identified the +0 pair of gloves "Fefeit" {-Cast rPois
                  | Dex+3}
 56468 | Crypt:1  | Identified the ring of the Dropbear {rCorr Str+6}
 56698 | Crypt:2  | Paralysed by a vampire knight for 3 turns
 56755 | Crypt:2  | Reached XP level 21. HP: 144/184 MP: 25/25
 57380 | Crypt:3  | Entered Level 3 of the Crypt
 58543 | Crypt:3  | Found a staircase to the Tomb.
 58612 | Crypt:3  | Noticed a curse toe
 58636 | Crypt:3  | Killed a curse toe
 58666 | Crypt:3  | Noticed a curse toe
 58717 | Crypt:3  | Killed a curse toe
 59077 | Crypt:3  | Identified the ring "Uluafanea" {rF+++ rN+ Will+ Dex-4
                  | Slay+2}
 59135 | Crypt:3  | Identified the ring "Hoisacze" {rPois rN+ Slay+2}
 59140 | Crypt:3  | Identified the ring of Past Mistakes {rF+ rN+ Dex+3 SInv}
 59165 | Crypt:3  | Identified the +4 rapier of Heinn {elec, rC- Dex+6}
 59168 | Crypt:3  | Identified the +7 longbow of Busmoh {heavy, rF+}
 59214 | Crypt:3  | Got the Commentary on the Coals and Bones
 59791 | Spider:1 | Killed Roxanne
 60073 | Depths:1 | Entered Level 1 of the Depths
 60239 | Depths:1 | Found a one-way gate leading to the halls of Pandemonium.
 60350 | Depths:1 | Found Uzxubato's Antique Weapon Shop.
 60451 | Depths:1 | Found a gateway to Hell.
 60467 | Depths:1 | Identified the staff of fire "Wuuzuunu" {rF+ rN+ Str+3
                  | Dex-3}
 60470 | Depths:1 | Identified the +9 short sword "Pawomab" {flame, rC++ Dex+2}
 61376 | Depths:2 | Noticed a juggernaut
 61398 | Depths:2 | Killed a juggernaut
 61523 | Depths:2 | Identified the +1 leather armour of the Hippo {rC- Int+2
                  | Dex+9}
 61742 | Depths:2 | Found a one-way gate to the infinite horrors of the Abyss.
 61997 | Depths:2 | You are sucked into a shaft and drop 1 floor!
 62008 | Depths:3 | Reached XP level 22. HP: 192/192 MP: 26/26
 62009 | Depths:3 | Noticed a juggernaut
 62114 | Depths:3 | Noticed a caustic shrike
 62334 | Depths:3 | Got Teqecvo's Antepenultimate Guide to Willworking
 62574 | Depths:3 | Identified the +8 battleaxe "Zeanalot" {flame, *Slow rElec
                  | Str+3}
 62609 | Depths:3 | Killed a juggernaut
 62925 | Depths:3 | Killed a caustic shrike
 63855 | Depths:3 | Noticed a juggernaut
 63875 | Depths:3 | Killed a juggernaut
 64139 | Depths:4 | Entered Level 4 of the Depths
 64199 | Depths:4 | Found Ohox's Armour Shop.
 64207 | Depths:4 | Bought a +2 cloak for 297 gold pieces
 64351 | Depths:4 | Got the Quarto of Transportation
 64562 | Depths:4 | Found a gate to the Realm of Zot.
 65007 | Depths:4 | Found Load's Antique Weapon Shop.
 65058 | Depths:4 | Found Sukal's Magic Scroll Shop.
 65062 | Depths:4 | Bought a scroll of teleportation for 51 gold pieces
 65062 | Depths:4 | Bought a scroll of enchant armour for 127 gold pieces
 65149 | Depths:4 | Found Usug's Jewellery Shoppe.
 65394 | Depths:4 | Found a one-way gateway to a ziggurat.
 65582 | Depths:4 | Found Rasef's Weapon Boutique.
 65904 | Vaults:5 | Entered Level 5 of the Vaults
 66066 | Vaults:4 | Reached XP level 23. HP: 201/206 MP: 27/27
 66358 | Vaults:5 | Noticed Margery
 66382 | Vaults:5 | Noticed an ancient lich
 66390 | Vaults:5 | Killed Margery
 66409 | Vaults:5 | Killed an ancient lich
 66683 | Vaults:5 | Identified the +3 sling of Mana {elec, Dex+2}
 67058 | Vaults:5 | Identified the +1 broad axe of the Brewing Oracle {spect,
                  | Str+3 Stlth+}
 67076 | Vaults:5 | Noticed Jory
 67136 | Vaults:5 | Got a silver rune of Zot
 67156 | Vaults:5 | Identified the +1 spear "Leirgh" {vamp, Dex+9 Stlth-}
 67295 | Vaults:5 | Identified the +4 shortbow "Zois Cig" {flame, rC+ Stlth+}
 67339 | Vaults:5 | Got Sif Muna's Compendium of the Hornet and Arcane Combat
 67658 | Vaults:5 | Killed Jory
 67777 | Vaults:5 | Identified the staff of earth "Inextudgh" {rElec rF- rN+}
 68540 | Zot:1    | Entered Level 1 of the Realm of Zot
 69446 | Zot:1    | Identified the +9 morningstar of Income {spect, rPois
                  | Dex+3}
 69581 | Zot:1    | Identified the +8 halberd of Salt {pain, *Slow Int+5}
 70522 | Zot:1    | Reached XP level 24. HP: 221/224 MP: 27/27
 72814 | Zot:4    | Noticed an orb of fire
 72815 | Zot:4    | Gained mutation: You are vulnerable to cold. (rC-) [an orb
                  | of fire]
 72827 | Zot:4    | Gained mutation: You are weak. (Str -2) [an orb of fire]
 72835 | Zot:4    | Gained mutation: Armour fits poorly on your strangely
                  | shaped body. [an orb of fire]
 72836 | Zot:4    | Gained mutation: You sometimes lose your temper in combat.
                  | [an orb of fire]
 72837 | Zot:4    | Killed an orb of fire
 72838 | Zot:4    | Lost mutation: You are clumsy. (Dex -2) [potion of
                  | mutation]
 72838 | Zot:4    | Lost mutation: You are weak. (Str -2) [potion of mutation]
 72838 | Zot:4    | Gained mutation: Your mind is acute. (Int +4, Str/Dex -1)
                  | [potion of mutation]
 72838 | Zot:4    | Gained mutation: You have an uncontrollable temper. [potion
                  | of mutation]
 72839 | Zot:4    | Lost mutation: You have an uncontrollable temper. [potion
                  | of mutation]
 72839 | Zot:4    | Lost mutation: You sometimes lose your temper in combat.
                  | [potion of mutation]
 72839 | Zot:4    | Lost mutation: Armour fits poorly on your strangely shaped
                  | body. [potion of mutation]
 72839 | Zot:4    | Gained mutation: You are clumsy. (Dex -2) [potion of
                  | mutation]
 72839 | Zot:4    | Gained mutation: You are weak. (Str -2) [potion of
                  | mutation]
 72839 | Zot:4    | Gained mutation: Armour fits poorly on your strangely
                  | shaped body. [potion of mutation]
 72840 | Zot:4    | Lost mutation: You are clumsy. (Dex -2) [potion of
                  | mutation]
 72840 | Zot:4    | Lost mutation: You are vulnerable to cold. (rC-) [potion of
                  | mutation]
 72840 | Zot:4    | Lost mutation: Your mind is acute. (Int +4, Str/Dex -1)
                  | [potion of mutation]
 72840 | Zot:4    | Gained mutation: Your natural rate of healing is unusually
                  | fast. [potion of mutation]
 72840 | Zot:4    | Gained mutation: You are partially covered in iridescent
                  | scales. (AC +2) [potion of mutation]
 72840 | Zot:4    | Gained mutation: You have sharp fingernails. [potion of
                  | mutation]
 73832 | D:5      | Bought a scroll of fear for 52 gold pieces
 73832 | D:5      | Bought 2 scrolls of fear for 104 gold pieces
 73832 | D:5      | Bought a scroll of blinking for 97 gold pieces
 74034 | Orc:2    | Bought a wand of iceblast (7) for 436 gold pieces
 74034 | Orc:2    | Bought a scroll of fog for 104 gold pieces
 74034 | Orc:2    | Bought a potion of curing for 78 gold pieces
 74198 | D:15     | Bought a wand of iceblast (4) for 307 gold pieces
 74198 | D:15     | Bought a phantom mirror for 1280 gold pieces
 74198 | D:15     | Bought a lightning rod (4/4) for 960 gold pieces
 74198 | D:15     | Bought a potion of berserk rage for 160 gold pieces
 74198 | D:15     | Bought a potion of flight for 96 gold pieces
 74356 | Orc:2    | Bought a phial of floods for 1200 gold pieces
 74689 | Zot:5    | Entered Level 5 of the Realm of Zot
 75360 | Zot:5    | Noticed a Killer Klown
 75390 | Zot:5    | Killed a Killer Klown
 75419 | Zot:5    | Noticed an ancient lich
 75473 | Zot:5    | Noticed a Killer Klown
 75500 | Zot:5    | Killed a Killer Klown
 75501 | Zot:5    | Reached XP level 25. HP: 231/231 MP: 27/27
 75552 | Zot:5    | Killed an ancient lich
 75610 | Zot:5    | Noticed a dread lich
 75628 | Zot:5    | Killed a dread lich
 75633 | Zot:5    | Noticed an orb of fire
 75639 | Zot:5    | Gained mutation: You have hidden genetic defects. [an orb
                  | of fire]
 75651 | Zot:5    | Gained mutation: You are dopey. (Int -2) [an orb of fire]
 75658 | Zot:5    | Killed an orb of fire
 75659 | Zot:5    | Lost mutation: Armour fits poorly on your strangely shaped
                  | body. [potion of mutation]
 75659 | Zot:5    | Lost mutation: You have sharp fingernails. [potion of
                  | mutation]
 75659 | Zot:5    | Lost mutation: You are weak. (Str -2) [potion of mutation]
 75659 | Zot:5    | Gained mutation: You have a pair of small horns on your
                  | head. [potion of mutation]
 75659 | Zot:5    | Gained mutation: You occasionally lose the ability to read
                  | scrolls when taking damage. [potion of mutation]
 75672 | Zot:5    | Lost mutation: You have hidden genetic defects. [potion of
                  | mutation]
 75672 | Zot:5    | Lost mutation: You occasionally lose the ability to read
                  | scrolls when taking damage. [potion of mutation]
 75672 | Zot:5    | Lost mutation: You are dopey. (Int -2) [potion of mutation]
 75795 | Zot:5    | Noticed a dread lich
 75815 | Zot:5    | Killed a dread lich
 76012 | Zot:5    | Noticed an orb of fire
 76023 | Zot:5    | Gained mutation: You passively map a small area around you.
                  | [an orb of fire]
 76024 | Zot:5    | Gained mutation: Your body sometimes deteriorates upon
                  | taking damage. [an orb of fire]
 76028 | Zot:5    | Killed an orb of fire
 76066 | Zot:5    | Noticed an orb of fire
 76079 | Zot:5    | Gained mutation: Your body often deteriorates upon taking
                  | damage. [an orb of fire]
 76081 | Zot:5    | Killed an orb of fire
 76420 | Zot:5    | Got the Orb of Zot
 76917 | D:1      | Noticed Pagaif the pandemonium lord
 76934 | D:$      | Escaped with the Orb!

Illustrated notes

Levels and vault maps discovered:
D:1:      lemuel_arrival_tunnels, layout_basic,
          shapermc_ecumenical_altar_pompeii, st_stairs_4
D:2:      layout_loops_ring
D:3:      layout_rooms, portal_sewer_entry_b, uniq_jessica
D:4:      layout_basic, tso_metal_star
D:5:      layout_loops_ring, nicolae_dithmenos_shadow_blocks,
          minmay_temple_entry_offerings, serial_shops,
          nicolae_shop_just_a_little_nook
D:6:      layout_cave_pools, mainiacjoe_overflow_brackets, minmay_misc_feat_tiny
D:7:      layout_loops_corners, chequers_serial_rivers_room_a, uniq_duvessa
D:8:      layout_basic, mainiacjoe_overflow_tiny_flanked, uniq_maurice,
          uniq_prince_ribbit1
D:9:      layout_small_grid, nicolae_overflow_squiral, serial_shops,
          nicolae_shop_behind_doors, grunt_ministairs_15
D:10:     layout_roguey, mainiacjoe_overflow_alcove_4, old_standard_altar,
          david_lair_generic
D:11:     kennysheep_six_static_rooms, layout_gridville, hiddenorc1_lemuel,
          nicolae_kikubaaqudgha_miasma_corner, uniq_psyche, uniq_gastronok
D:12:     layout_roguey, serial_demonic, serial_demonic_c, serial_demonic_b,
          serial_demonic_f, serial_demonic_a
D:13:     minmay_the_grid_4x2 [minmay_the_grid_broken_lines,
          minmay_the_grid_garden, minmay_the_grid_pillar_ring,
          minmay_the_grid_minigrid_small_alt, minmay_the_grid_mess,
          minmay_the_grid_minigrid_large, minmay_the_grid_slots,
          minmay_the_grid_prize_diamond_cup], layout_gridville, david_vaults_4
D:14:     layout_basic, serial_shops, shop, nicolae_kite_square_tiling_tiny,
          uniq_kirke
D:15:     grunt_enter_depths_magical_seal, layout_loops_ring, serial_shops,
          nicolae_shop_real_fake_doors, yredelemnul_altar_generic
Lair:1:   layout_regular_city, kennysheep_snail_temple
Lair:2:   layout_gridlike, grunt_megastairs_3
Lair:3:   layout_misc_corridors, minmay_swamp_entry_swarm,
          hellmonk_spider_entry_not_the_bees, dreamdust_mushroom_princess,
          lemuel_old_faithful
Lair:4:   layout_concentric_octagons, grunt_megastairs_4
Lair:5:   cheibrodos_lair_end_hotspot, layout_regular_city, slime_entry_1,
          minivault_25, guppyfry_lair_drakes, uniq_snorg
Swamp:1:  layout_falls_marsh, hangedman_swamp_ruin_wall
Swamp:2:  layout_falls_marsh, evilmike_swamp_ruin_house_6
Swamp:3:  layout_basic_swamp, portal_ice_cave_entry_ice_statue_two,
          evilmike_swamp_ruin_house_5, cheibrodos_swamp_minitomb
Swamp:4:  swamp_alternative, layout_basic_swamp, nicolae_swamp_bloodsuckers_inc,
          infiniplex_staircase_pool
Spider:1: layout_spider_delve, uniq_louise, uniq_roxanne, uniq_frances
Spider:2: layout_spider_delve, nicolae_spider_orb_run
Spider:3: nicolae_spider_brood_tunnel, gammafunk_ghost_split, drop_trap
Spider:4: grunt_spider_rune_parallel
Orc:1:    layout_diamond_mine, enter_volcano_4, uniq_sonja
Orc:2:    st_orc_town, layout_diamond_mine, uniq_azrael
Elf:1:    minmay_elf_arrival_summoners, layout_onion_city,
          hangedman_elf_represent, hangedman_glass_teeth, uniq_donald
Elf:2:    elven_hall_of_blades_hangedman_original [nicolae_blade_little_rooms],
          layout_geoelf_grid, gammafunk_ghost_grave
Elf:3:    minmay_elf_hall_spiked, layout_loops_corners
Vaults:1: vaults_mumra_minichess_inversion, v_misc_30, v_alt_pattern_1,
          v_rooms_4, nicolae_vaults_closet_pinwheel_6, vaults_room_ringed_pool,
          nicolae_vaults_little_squares_6, vaults_dpeg_hooks,
          nicolae_vaults_weapon_check, nicolae_vaults_surprise_closet,
          nicolae_vaults_surprise_closet_hard, nicolae_vaults_layer_cake_slice,
          layout_vaults_big_room, uniq_nikola
Vaults:2: vaults_room_fancy_cross, minmay_crypt_entry_simple_statues, v_misc_29,
          vaults_dpeg_emergency_exit, nicolae_vaults_big_ls,
          vaults_standard_mumra_x, vaults_mumra_chevron_long,
          nicolae_vaults_storage_closets_1, nicolae_vaults_closet_pinwheel_1,
          nicolae_vaults_storage_closets_3, vaults_room_stairs_pillars,
          layout_vaults_maze_bifur, uniq_xtahua, uniq_zenata, uniq_mara
Vaults:3: v_rooms_4, nicolae_vaults_swerve, hangedman_vaults_maws, v_misc_4,
          vaults_mumra_hexcomb, nicolae_vaults_trapezoid_4,
          nicolae_vaults_house_2, hangedman_vaults_maws,
          nicolae_vaults_tetromino_L_2, hangedman_vaults_stretched_pinwheel,
          nicolae_vaults_meiosis, nicolae_vaults_storage_room_glass,
          nicolae_vaults_little_guard_posts, ontoclasm_vaults_shuriken,
          ontoclasm_vaults_ligature, layout_vaults_ring,
          nicolae_trove_entry_crossroad, serial_shops, shop
Vaults:4: vaults_mumra_minichess, nicolae_vaults_tetromino_L_1,
          nicolae_vaults_turnstiles, nicolae_vaults_holding_cells,
          nicolae_vaults_house_1, nicolae_vaults_little_squares_4,
          ontoclasm_vaults_idyll, nicolae_vaults_surprise_closet,
          nicolae_vaults_trapezoid_lopsided_1, grunt_vaults_hallway_short,
          nicolae_vaults_little_ls, nicolae_vaults_trapezoid_2,
          layout_vaults_omnigrid
Vaults:5: uniq_margery, uniq_jory
Crypt:1:  layout_rooms, gammafunk_ghost_crypt
Crypt:2:  layout_catacombs, basic_altar, minivault_11, grunt_megastairs_2
Crypt:3:  lightli_unholy_cathedral, layout_chaotic_city
Depths:1: layout_forbidden_donut, serial_shops, nicolae_shop_peninsula,
          pan_entry, lightli_too_deep, eat_drink_and_be_merry_uskayaw
Depths:2: minmay_concentric_multi, layout_basic, abyss_entry,
          kennysheep_small_spiral, pf_hell_entry_tar_spiral,
          rand_demon_pan_entry_1, kennysheep_generic_room_4
Depths:3: minmay_four_inscribed_fans, layout_cave_shapes,
          nicolae_lava_and_water, hangedman_coc_ice_floe, abyss_entry
Depths:4: grunt_twist_and_shout, layout_basic, enter_ziggurat_e, serial_shops,
          shop, nicolae_shop_back_alley_shop, nicolae_inconvenience_store, shop,
          shop, hell_entry, interstate_on_off
Zot:1:    layout_misc_corridors, st_large_dragon_hoard_1
Zot:2:    layout_misc_corridors
Zot:3:    layout_misc_corridors, bh_zot_ikea_curve
Zot:4:    layout_gridlike
Zot:5:    layout_basic, lemuel_baited_zot_trap

Skill      XL: |  1  2  3  4  5  6  7  8  9 10 11 12 13 14 15 16 17 18 19 20 21 22 23 24 25 |
---------------+----------------------------------------------------------------------------+-----
Long Blades    | 2 3 4 5 6 8 10 12 14 15 19 21 22 24 | 24.2
Dodging        | 3 5 10 14 15 17 18 20 21 24 | 24.0
Armour         | 3 5 8 10 13 15 | 15.0
Shields        | 3 5 10 15 16 20 21 | 21.0
Fighting       | 3 5 10 13 15 17 20 | 20.0
Evocations     | 5 |  5.0

Action                     |  1- 3 |  4- 6 |  7- 9 | 10-12 | 13-15 | 16-18 | 19-21 | 22-24 | 25-27 || total
---------------------------+-------+-------+-------+-------+-------+-------+-------+-------+-------++-------
  Melee: Long sword        |   150 |   327 |       |       |       |       |       |       |       ||   477
         Rapier            |       |    39 |   411 |   108 |    45 |       |       |       |       ||   603
         Scimitar          |       |       |       |   782 |  2257 |  2435 |  2503 |  2428 |   265 || 10670
         Headbutt          |       |       |       |       |       |       |       |       |    71 ||    71
  Throw: Dart              |       |     6 |       |       |     1 |     3 |       |       |       ||    10
  Evoke: Wand              |       |       |       |     4 |    13 |    22 |    15 |     4 |     3 ||    61
         Tin of tremorston |       |       |       |       |       |       |     2 |       |       ||     2
    Use: Scroll            |     4 |     4 |     7 |    10 |    13 |    12 |    13 |    21 |     6 ||    90
         Potion            |       |     3 |     3 |     6 |    13 |    13 |     7 |    20 |     7 ||    72
   Stab: Invisible         |       |       |     1 |       |       |       |     4 |       |       ||     5
         Paralysed         |       |       |       |     8 |    14 |    14 |       |       |       ||    36
         Confused          |       |       |       |       |       |     1 |       |       |       ||     1
         Distracted        |       |       |       |       |       |       |       |     1 |     1 ||     2
         Sleeping          |       |       |       |       |       |       |       |     1 |       ||     1
 Armour: Scale mail        |    39 |    27 |       |       |       |       |       |       |       ||    66
         Chain mail        |       |   127 |   131 |   158 |   367 |   500 |    30 |       |       ||  1313
         Skin              |       |       |     7 |     6 |     1 |       |       |       |       ||    14
         Pearl dragon scal |       |       |       |       |       |       |   247 |   254 |    20 ||   521
  Dodge: Dodged            |   102 |   273 |   218 |   541 |  1489 |  2159 |  1034 |  1112 |   143 ||  7071
  Block: Buckler           |    45 |   109 |   121 |   259 |   826 |  1223 |       |       |       ||  2583
         Kite shield       |       |       |       |       |       |   167 |  1025 |       |       ||  1192
         Tower shield      |       |       |       |       |       |       |  1593 |  3432 |   352 ||  5377
         Reflection        |       |       |       |       |       |       |    15 |    72 |    10 ||    97
